 Dungeon Sprint DCSS version 0.27-a0-1359-ga2a4dfd6fd (webtiles) character file.

Game seed: 5764101956660545707

18127 mhtbhm the Sorcerer (level 12, -8/61 HPs)
             Began as a Deep Elf Earth Elementalist on June 28, 2021.
             Was the Champion of Vehumet.
             Shot with an arrow by a centaur warrior (32 damage)
             ... in the Dungeon (Sprint IX: "|||||||||||||||||||||||||||||").
             The game lasted 00:07:31 (3865 turns).

mhtbhm the Sorcerer (Deep Elf Earth Elementalist)   Turns: 3865, Time: 00:07:32

Health: -8/61      AC:  9    Str:  8    XL:     12   Next: 25%
Magic:  19/42      EV: 16    Int: 26    God:    Vehumet [******]
Gold:   106        SH:  0    Dex: 21    Spells: 20/59 levels left

rFire    + . .     SeeInvis .   x - +11 short sword of Autumn {elec, rPois rCorr Dex+4}
rCold    + . .     Faith    .   (no shield)
rNeg     . . .     Spirit   .   b - +1 steam dragon scales "Riorys" {rElec Dex+2}
rPois    +         Reflect  .   (no helmet)
rElec    +         Harm     .   w - scarf {rC+ rF+}
rCorr    +         Rampage  +   D - +0 pair of gloves "Bang" {Rampage rCorr}
Will     +....     NoTele   +   (no boots)
Stlth    ++++......             (no amulet)
HPRegen  0.20/turn              n - +3 ring of strength
MPRegen  0.28/turn              o - +2 ring of protection

@: no status effects
A: no striking features
a: Renounce Religion


You were in the Dungeon.
You worshipped Vehumet.
Vehumet was exalted by your worship.
You visited 1 branch You collected 1904 gold pieces.
You spent 1798 gold pieces at shops.

Inventory:

Hand Weapons
 x - the +11 short sword of Autumn (weapon) {elec, rPois rCorr Dex+4}
   (You bought it in a shop in the Dungeon)

   Occasionally, upon striking a foe, it can discharge electrical energy and
   cause terrible harm.
   Dex:       It affects your dexterity (+4).
   rPois:     It protects you from poison.
   rCorr:     It protects you from acid and corrosion.
Missiles
 i - 4 stones
Armour
 b - the +1 steam dragon scales "Riorys" (worn) {rElec Dex+2}
   (You bought it in a shop in the Dungeon)

   Dex:       It affects your dexterity (+2).
   rElec:     It insulates you from electricity.
 w - a scarf of resistance (worn)
 D - the +0 pair of gloves "Bang" (worn) {Rampage rCorr}
   (You found it in the Dungeon)

   rCorr:     It protects you from acid and corrosion.
   Rampage:   It bestows one free step when moving towards enemies.
Jewellery
 n - a +3 ring of strength (left hand)
 o - a +2 ring of protection (right hand)
 z - a ring of protection from fire
 B - a ring of protection from cold
 C - a ring of poison resistance
Wands
 j - a wand of acid (6)
 k - a wand of flame (15)
 y - a wand of digging (6)
Scrolls
 e - 2 scrolls of amnesia
 h - 3 scrolls of blinking
 l - a scroll of fog
 m - a scroll of summoning
 s - 2 scrolls of identify
 t - 6 scrolls of enchant weapon
 v - 2 scrolls of enchant armour
 A - a scroll of fear
Potions
 a - a potion of invisibility
 c - 7 potions of curing
 d - 6 potions of heal wounds
 f - 4 potions of magic
 g - 2 potions of berserk rage
 p - 2 potions of haste
 q - a potion of mutation
 r - 2 potions of brilliance
 u - 2 potions of lignification


   Skills:
 + Level 1.5 Fighting
 + Level 1.6 Staves
 + Level 6.6 Dodging
 + Level 7.0 Stealth
 + Level 24.0 Spellcasting
 + Level 3.7 Conjurations
 + Level 5.5 Transmutations
 + Level 3.7 Fire Magic
 + Level 21.4 Earth Magic
 + Level 2.1 Poison Magic
 + Level 3.1 Evocations


You had 20 spell levels left.
You knew the following spells:

 Your Spells              Type           Power      Damage    Failure   Level
a - Sandblast             Erth           100%       2d20      0%          1
b - Passwall              Tmut/Erth      65%        N/A       0%          2
c - Stone Arrow           Conj/Erth      100%       3d13      0%          3
d - Lee's Rapid Deconstr  Erth           48%        3d24*     0%          5
e - Petrify               Tmut/Erth      79%        N/A       1%          4
f - Mephitic Cloud        Conj/Pois/Air  41%        N/A       1%          3
g - Olgreb's Toxic Radia  Pois           42%        N/A       1%          4
h - Fireball              Conj/Fire      25%        3d11      1%          5
i - Bolt of Magma         Conj/Fire/Erth 34%        4d15      1%          5
j - Orb of Destruction    Conj           25%        9d10      43%         7

Your spell library contained the following spells:

 Spells                   Type           Power      Damage    Failure   Level


Dungeon Overview and Level Annotations

Branches:
Dungeon (1/1)

Altars:
Cheibriados
Dithmenos
Elyvilon
Fedhas
Gozag
Hepliaklqana
Kikubaaqudgha
Makhleb
Nemelex Xobeh
Okawaru
Qazlal
Ru
Sif Muna
Trog
Uskayaw
Vehumet
Wu Jian
Xom
Yredelemnul
Zin
The Shining One
Beogh
Jiyva
Lugonu

Shops:
D *[([


Message History

Press: ? - help, Dir - move target An open door to the Dungeon.
The stone door frame shatters!
The blast of rock fragments hits the deep elf pyromancer!!
The deep elf pyromancer is heavily wounded.
You hear a horrible gurgling sound!
Unknown command.
Casting: Lee's Rapid Deconstruction (safe; 0% risk of failure)
Confirm with . or Enter, or press ? or * to list all spells.
Aiming: Lee's Rapid Deconstruction (safe; 0% risk of failure)
Press: ? - help, Dir - move target, f - deep elf pyromancer Fragment what (e.g. wall or brittle monster)?: a deep elf pyromancer, wielding a +0 dagger (heavily wounded)
An open door to the Dungeon.
The stone door frame shatters!
The blast of rock fragments hits the deep elf pyromancer!!!
You kill the deep elf pyromancer!
Vehumet accepts your kill.
You hear a horrible gurgling sound!
The centaur warrior wields a +0 longbow.
The centaur warrior shoots an arrow.
The arrow hits you!!
Your Spellcasting skill increases to level 24!
A centaur warrior is nearby!
Casting: Lee's Rapid Deconstruction (safe; 0% risk of failure)
Confirm with . or Enter, or press ? or * to list all spells.
Aiming: Lee's Rapid Deconstruction (safe; 0% risk of failure)
Press: ? - help, Dir - move target An open door to the Dungeon.
The stone door frame shatters!
The blast of rock fragments hits the centaur warrior.
The centaur warrior is lightly wounded.
The centaur warrior shoots an arrow.
The arrow hits you!!
* * * LOW HITPOINT WARNING * * *
Unknown command.
Casting: Lee's Rapid Deconstruction (safe; 0% risk of failure)
Confirm with . or Enter, or press ? or * to list all spells.
Okay, then.
You feel much better.
The centaur warrior shoots an arrow.
The arrow hits you!
The centaur warrior shoots an arrow.
The arrow hits you!!
Ouch! That really hurt!
You die...

▓_▓.▓.▓.▓)▓.▓[▓
▓_▓.▓.▓.▓)▓.▓[▓
▓_▓.▓.▓.▓)▓.▓[▓
▓_▓.▓'▓.▓)▓.▓=▓
▓_▓.▓÷▓.▓.▓.▓.▓
▓_▓.▓.▓.▓.▓.▓.▓
▓_▓.▓.▓.▓.▓.▓.▓
▓_▓.▓.▓.▓.▓.▓.▓
▓_▓.▓.▓.▓.▓.▓@▓
▓_▓.▓.▓.▓.▓.▓.▓
▓_▓.▓.▓.▓.▓.▓.▓
▓_▓.▓.▓.▓)▓.▓.▓
▓_▓.▓†▓.▓)▓.▓.▓
▓'▓.▓'▓.▓)▓.▓.▓
▓.▓.▓†▓.▓)▓.▓)▓
▓.▓.▓.▓.▓.▓.▓c▓
▓)▓.▓.▓.▓.▓)▓.▓


You could see a centaur warrior.

Vanquished Creatures
  Erolcha (D)
  A hydra (D)
  3 centaur warriors (D)
  An ogre mage (D)
  A two-headed ogre (D)
  9 orc high priests (D)
  2 deep elf pyromancers (D)
  An orc knight (D)
  5 cane toads (D)
  Psyche (D)
  An efreet (D)
  A rime drake (D)
  2 komodo dragons (D)
  A troll (D)
  2 blink frogs (D)
  A basilisk (D)
  A wraith (D)
  5 yaks (D)
  2 vampire mosquitoes (D)
  A warg (D)
  An acid dragon (D)
  2 hell hounds (D)
  2 water moccasins (D)
  A sky beast (D)
  9 orc warriors (D)
  A necrophage (D)
  5 wolves (D)
  A bullfrog (D)
  A killer bee (D)
  8 orc priests (D)
  A hound (D)
  3 orc wizards (D)
  A white imp (D)
  9 orcs (D)
  An endoplasm (D)
  2 giant cockroaches (D)
  A ball python zombie (D)
  2 rats (D)
93 creatures vanquished.

Notes
Turn   | Place    | Note
-------+----------+-------------------------------------------
     0 | D        | mhtbhm the Deep Elf Earth Elementalist began the quest for
                  | the Orb.
     0 | D        | Reached XP level 1. HP: 10/10 MP: 6/6
   170 | D        | Reached skill level 4 in Spellcasting
   239 | D        | Noticed a sky beast
   239 | D        | Noticed a hound
   239 | D        | Noticed a necrophage
   247 | D        | Killed a sky beast
   248 | D        | Reached skill level 6 in Spellcasting
   248 | D        | Reached XP level 2. HP: 15/15 MP: 3/11
   248 | D        | Reached XP level 3. HP: 19/19 MP: 3/13
   248 | D        | Reached XP level 4. HP: 24/24 MP: 3/14
   249 | D        | Reached skill level 7 in Spellcasting
   254 | D        | Killed a necrophage
   255 | D        | Reached skill level 5 in Stealth
   255 | D        | Reached skill level 8 in Spellcasting
   255 | D        | Reached XP level 5. HP: 28/28 MP: 0/18
   492 | D        | Found a snail-covered altar of Cheibriados.
   492 | D        | Found a shadowy altar of Dithmenos.
   492 | D        | Found a white marble altar of Elyvilon.
   492 | D        | Found a blossoming altar of Fedhas.
   492 | D        | Found an opulent altar of Gozag.
   493 | D        | Found a hazy altar of Hepliaklqana.
   494 | D        | Found a viscous altar of Jiyva.
   495 | D        | Found an ancient bone altar of Kikubaaqudgha.
   496 | D        | Found a corrupted altar of Lugonu.
   497 | D        | Found a burning altar of Makhleb.
   498 | D        | Found a sparkling altar of Nemelex Xobeh.
   499 | D        | Found an iron altar of Okawaru.
   500 | D        | Found a stormy altar of Qazlal.
   501 | D        | Found a sacrificial altar of Ru.
   502 | D        | Found a shimmering blue altar of Sif Muna.
   503 | D        | Found a bloodstained altar of Trog.
   504 | D        | Found a hide-covered altar of Uskayaw.
   505 | D        | Found a radiant altar of Vehumet.
   506 | D        | Found an ornate altar of the Wu Jian Council.
   507 | D        | Found a shimmering altar of Xom.
   508 | D        | Found a basalt altar of Yredelemnul.
   509 | D        | Found a glowing silver altar of Zin.
   510 | D        | Found a glowing golden altar of the Shining One.
   513 | D        | Became a worshipper of Vehumet
   558 | D        | Learned a level 2 spell: Passwall
   562 | D        | Learned a level 3 spell: Stone Arrow
   568 | D        | Learned a level 5 spell: Lee's Rapid Deconstruction
   573 | D        | Learned a level 4 spell: Petrify
   573 | D        | Noticed an acid dragon
   573 | D        | Noticed a yak
   573 | D        | Noticed an orc warrior
   573 | D        | Noticed a troll
   573 | D        | Noticed a yak
   578 | D        | Reached skill level 9 in Spellcasting
   578 | D        | Reached skill level 10 in Earth Magic
   579 | D        | Killed an acid dragon
   580 | D        | Reached skill level 10 in Spellcasting
   580 | D        | Reached XP level 6. HP: 25/32 MP: 8/21
   580 | D        | Killed an orc warrior
   580 | D        | Reached * piety under Vehumet
   580 | D        | Offered knowledge of Shock by Vehumet.
   581 | D        | Reached skill level 5 in Dodging
   581 | D        | Reached skill level 11 in Spellcasting
   581 | D        | Killed a yak
   582 | D        | Reached XP level 7. HP: 29/36 MP: 6/24
   583 | D        | Killed a troll
   584 | D        | Reached skill level 12 in Spellcasting
   584 | D        | Killed a yak
   584 | D        | Reached ** piety under Vehumet
   805 | D        | Noticed a centaur warrior
   805 | D        | Noticed a two-headed ogre
   805 | D        | Noticed a vampire mosquito
   805 | D        | Noticed a wraith
   805 | D        | Noticed a deep elf pyromancer
   805 | D        | Noticed a vampire mosquito
   816 | D        | Killed a two-headed ogre
   816 | D        | Offered knowledge of Foxfire by Vehumet.
   817 | D        | Reached skill level 14 in Spellcasting
   817 | D        | Reached skill level 1 in Evocations
   817 | D        | Reached XP level 8. HP: 29/42 MP: 4/28
   818 | D        | Killed a centaur warrior
   819 | D        | Reached skill level 16 in Spellcasting
   819 | D        | Reached skill level 15 in Earth Magic
   819 | D        | Reached XP level 9. HP: 32/46 MP: 5/31
   822 | D        | Killed a deep elf pyromancer
   822 | D        | Reached *** piety under Vehumet
   823 | D        | Reached skill level 17 in Spellcasting
  1266 | D        | Offered knowledge of Mephitic Cloud by Vehumet.
  1346 | D        | Learned a level 3 spell: Mephitic Cloud
  1474 | D        | Noticed a cane toad
  1474 | D        | Noticed a cane toad
  1478 | D        | Offered knowledge of Olgreb's Toxic Radiance by Vehumet.
  1479 | D        | Reached skill level 1 in Fighting
  1480 | D        | Reached **** piety under Vehumet
  1480 | D        | Killed a cane toad
  1483 | D        | Reached skill level 18 in Spellcasting
  1483 | D        | Killed a cane toad
  1483 | D        | Reached ***** piety under Vehumet
  1484 | D        | Reached skill level 1 in Staves
  1484 | D        | Reached XP level 10. HP: 52/52 MP: 19/34
  1484 | D        | Noticed a cane toad
  1491 | D        | Killed a cane toad
  1492 | D        | Reached skill level 19 in Spellcasting
  1813 | D        | Learned a level 4 spell: Olgreb's Toxic Radiance
  1818 | D        | Noticed a cane toad
  1818 | D        | Noticed a cane toad
  1821 | D        | Offered knowledge of Yara's Violent Unravelling by Vehumet.
  1822 | D        | Killed a cane toad
  1824 | D        | Noticed a five-headed hydra
  1825 | D        | Reached skill level 1 in Poison Magic
  1826 | D        | Killed a cane toad
  2096 | D        | Offered knowledge of Conjure Ball Lightning by Vehumet.
  2097 | D        | Reached skill level 20 in Spellcasting
  2100 | D        | Killed a five-headed hydra
  2293 | D        | Reached ****** piety under Vehumet
  2349 | D        | Reached XP level 11. HP: 49/56 MP: 27/37
  2349 | D        | Offered knowledge of Fireball by Vehumet.
  2413 | D        | Learned a level 5 spell: Fireball
  2547 | D        | Reached skill level 21 in Spellcasting
  2547 | D        | Offered knowledge of Bolt of Magma by Vehumet.
  2762 | D        | Learned a level 5 spell: Bolt of Magma
  2768 | D        | Reached skill level 1 in Conjurations
  2771 | D        | Offered knowledge of Irradiate by Vehumet.
  2779 | D        | Noticed an orc knight
  2780 | D        | Reached skill level 1 in Fire Magic
  2868 | D        | Killed an orc knight
  3149 | D        | Found Naissuxi's General Store.
  3149 | D        | Noticed an orc high priest
  3149 | D        | Noticed an orc high priest
  3149 | D        | Noticed an orc high priest
  3149 | D        | Noticed an orc high priest
  3149 | D        | Noticed an orc high priest
  3152 | D        | Killed an orc high priest
  3153 | D        | Killed an orc high priest
  3154 | D        | Killed an orc high priest
  3155 | D        | Reached skill level 22 in Spellcasting
  3155 | D        | Killed an orc high priest
  3155 | D        | Offered knowledge of Starburst by Vehumet.
  3155 | D        | Noticed an orc high priest
  3158 | D        | Killed an orc high priest
  3160 | D        | Killed an orc high priest
  3382 | D        | Found Ytoqihosm's Antique Armour Shoppe.
  3386 | D        | Found Xaof's Antique Weapon Emporium.
  3390 | D        | Found Qoits's Antique Armour Shoppe.
  3392 | D        | Noticed an orc high priest
  3394 | D        | Noticed an orc high priest
  3395 | D        | Noticed an orc high priest
  3398 | D        | Killed an orc high priest
  3401 | D        | Killed an orc high priest
  3401 | D        | Killed an orc high priest
  3402 | D        | Reached skill level 23 in Spellcasting
  3507 | D        | Bought bloodstained steam dragon scales for 1215 gold
                  | pieces
  3507 | D        | Identified the +1 steam dragon scales "Riorys" {rElec
                  | Dex+2} (You bought it in a shop in the Dungeon)
  3512 | D        | Bought a glowing scarf for 216 gold pieces
  3525 | D        | Bought a scroll of summoning for 133 gold pieces
  3525 | D        | Bought a potion of lignification for 42 gold pieces
  3529 | D        | Bought a crystal short sword for 192 gold pieces
  3529 | D        | Identified the +11 short sword of Autumn {elec, rPois rCorr
                  | Dex+4} (You bought it in a shop in the Dungeon)
  3561 | D        | Noticed Psyche
  3564 | D        | Killed Psyche
  3564 | D        | Offered knowledge of Orb of Destruction by Vehumet.
  3627 | D        | Noticed Erolcha
  3633 | D        | Killed Erolcha
  3634 | D        | Reached skill level 5 in Transmutations
  3634 | D        | Reached XP level 12. HP: 56/61 MP: 17/41
  3809 | D        | Got the +0 pair of gloves "Bang" {Rampage rCorr}
  3834 | D        | Learned a level 7 spell: Orb of Destruction
  3852 | D        | Noticed a centaur warrior
  3852 | D        | Noticed an ogre mage
  3852 | D        | Noticed a centaur warrior
  3852 | D        | Noticed a centaur warrior
  3854 | D        | Killed a centaur warrior
  3854 | D        | Killed an ogre mage
  3855 | D        | Killed a centaur warrior
  3864 | D        | Reached skill level 24 in Spellcasting
  3865 | D        | Shot with an arrow by a centaur warrior

Illustrated notes

Levels and vault maps discovered:
D:        linesprint [early_d, line_temple, items_1, d_10, items_2, lair_1,
          lair_end, items_3, orc_1, orc_end, items_4, d_15, swamp_1, shoals_1,
          snake_1, spider_1, d_20, vaults_1, items_5, swamp_end, shoals_end,
          snake_end, spider_end, vaults_end, d_27, items_6, zot_1, zot_end,
          crypt_end, forest_end, elf_end, slime_end, tomb_end, abyss_end,
          pan_hell_end]

Skill      XL: |  1  2  3  4  5  6  7  8  9 10 11 12 |
---------------+-------------------------------------+-----
Earth Magic    | 8 9 11 12 14 15 16 18 20 21 | 21.4
Spellcasting   | 6 8 10 11 14 16 18 20 23 24 | 24.0
Dodging        | 3 4 5 6 |  6.6
Stealth        | 3 5 6 7 |  7.0
Transmutations | 2 3 5 |  5.5
Evocations     | 1 2 3 |  3.1
Fighting       | 1 |  1.5
Staves         | 1 |  1.6
Poison Magic   | 2 |  2.1
Conjurations   | 3 |  3.7
Fire Magic     | 3 |  3.7

Action                   |  1- 3 |  4- 6 |  7- 9 | 10-12 || total
-------------------------+-------+-------+-------+-------++-------
Melee: Quarterstaff      |       |       |    11 |       ||    11
 Cast: Sandblast         |    12 |     5 |     5 |     4 ||    26
       Lee's Rapid Decon |       |     3 |    13 |    51 ||    67
       Petrify           |       |       |     3 |    10 ||    13
       Stone Arrow       |       |       |       |     4 ||     4
       Olgreb's Toxic Ra |       |       |       |     1 ||     1
       Bolt of Magma     |       |       |       |    15 ||    15
Evoke: Wand              |       |     1 |     3 |       ||     4
  Use: Potion            |     1 |     1 |     1 |     2 ||     5
Armor: Robe              |       |     1 |     2 |     2 ||     5
Dodge: Dodged            |     4 |     4 |    14 |    11 ||    33

Table legend: (Time is in decaauts)
 A = Elapsed time spent in this place.
 B = Non-inter-level travel time spent in this place.
 C = Inter-level travel time spent in this place.
 D = Time resting spent in this place.
 E = Time spent auto-exploring this place.
 F = Levels seen in this place.
 G = Mean time per level.
                   A        B        C        D        E       F      G
               +--------+--------+--------+--------+--------+-----+--------+
         Total |   3864 |   3864 |      0 |   2466 |    582 |   1 | 3864.0 |
       Dungeon |   3864 |   3864 |      0 |   2466 |    582 |   1 | 3864.0 |
               +--------+--------+--------+--------+--------+-----+--------+

Top non-repeatable levels by time:
       D: 3864 daAuts
